 Dungeon Crawl Stone Soup version 0.25-a0-631-gc915619 (webtiles) character file.

Game seed: 12266176109417154536, levelgen mode: deterministic

2402 MrTaco21 the Basher (level 9, -2/51 HPs)
             Began as a Gargoyle Fighter on Mar 18, 2020.
             Was a Believer of Qazlal.
             Slain by a crocodile (11 damage)
             ... on level 7 of the Dungeon.
             The game lasted 00:15:00 (7416 turns).

MrTaco21 the Basher (Gargoyle Fighter)              Turns: 7416, Time: 00:15:01

Health: -2/51      AC: 14    Str: 22    XL:     9   Next: 47%
Magic:  9/9        EV:  7    Int: 10    God:    Qazlal [**....]
Gold:   412        SH: 12    Dex:  9    Spells: 8/8 levels left

rFire    + . .     SeeInvis .   J - +7 flail (holy)
rCold    . . .     Gourm    +   c - +0 kite shield
rNeg     + . .     Faith    .   I - +3 scale mail
rPois    ∞         Spirit   .   (no helmet)
rElec    +         Reflect  .   (no cloak)
rCorr    .         Harm     .   n - +1 pair of gloves
MR       .....                  (no boots)
Stlth    +.........             G - amulet of the gourmand
HPRegen  0.17/turn              i - ring of protection from fire
MPRegen  0.11/turn              H - ring of stealth

@: corroded
A: negative energy resistance 1, electricity resistance, unbreathing,
petrification resistance, rot immunity, AC +6
a: Upheaval, Renounce Religion


You were on level 7 of the Dungeon.
You worshipped Qazlal.
Qazlal was pleased with you.
You were completely stuffed.

You visited 1 branch of the dungeon, and saw 7 of its levels.

You collected 412 gold pieces.

Inventory:

Hand Weapons
 J - a +7 flail of holy wrath (weapon)
   (You took it off Edmund on level 5 of the Dungeon)
Missiles
 y - 2 throwing nets (quivered) {!f}
Armour
 c - a +0 kite shield (worn)
 n - a +1 pair of gloves (worn)
   (You found it on level 5 of the Dungeon)
 I - a +3 scale mail (worn)
   (You found it on level 5 of the Dungeon)
Jewellery
 i - a ring of protection from fire (left hand)
   (You found it on level 5 of the Dungeon)
 E - a +2 ring of protection
   (You found it on level 6 of the Dungeon)
 G - an amulet of the gourmand (around neck)
   (You took it off an orc on level 6 of the Dungeon)
 H - a ring of stealth (right hand)
   (You took it off an orc on level 6 of the Dungeon)
Wands
 f - a wand of polymorph (11)
   (You found it on level 6 of the Dungeon)
 u - a wand of paralysis (8)
   (You found it on level 5 of the Dungeon)
Scrolls
 b - a scroll of teleportation {unknown}
 h - 5 scrolls of enchant armour
 k - 2 scrolls of enchant weapon {unknown}
 l - 3 scrolls of amnesia {unknown}
 p - 2 scrolls of immolation {unknown}
 s - 7 scrolls of remove curse {@r2}
 v - 3 scrolls of blinking
 w - 3 scrolls of magic mapping
 x - a scroll of torment {unknown}
 A - a scroll of fog {unknown}
Potions
 a - a potion of magic {unknown}
 d - 3 potions of might
 g - 4 potions of curing {@q1}
 j - 2 potions of brilliance {unknown}
 m - 3 potions of stabbing
 o - 2 potions of degeneration {unknown}
 r - a potion of lignification {unknown}
 t - a potion of resistance {unknown}
 z - a potion of mutation {unknown}
 B - a potion of flight {unknown}
 C - a potion of cancellation {unknown}
 D - 2 potions of haste {unknown}
Comestibles
 e - 22 rations {!d}


   Skills:
 - Level 3.2 Fighting
 + Level 12.1 Maces & Flails
 - Level 3.2 Armour
 + Level 4.0 Shields


You had 8 spell levels left.
You didn't know any spells.
Your spell library contained the following spells:

 Spells                   Type           Power        Failure   Level  Hunger
 Animate Skeleton         Necr           N/A          99%         1    ##.....
 Corona                   Hex            #......      99%         1    ##.....
 Pain                     Necr           #...         99%         1    ##.....
 Shock                    Conj/Air       #...         99%         1    ##.....
 Ensorcelled Hibernation  Hex/Ice        #.....       99%         2    ###....
 Swiftness                Chrm/Air       #.......     99%         2    ###....
 Confusing Touch          Hex            #.......     100%        3    ####...
 Dazzling Flash           Conj/Hex       #.....       100%        3    ####...
 Static Discharge         Conj/Air       #.......     100%        3    ####...
 Tukima's Dance           Hex            #.......     100%        3    ####...
 Vampiric Draining        Necr           #.........   100%        3    ####...
 Airstrike                Air            #.........   100%        4    #####..
 Animate Dead             Necr           N/A          100%        4    #####..
 Agony                    Necr           #.......     100%        5    ######.
 Bolt of Magma            Conj/Fire/Erth #.........   100%        5    ######.
 Iskenderun's Battlesphe  Conj/Chrm      #.......     100%        5    ######.
 Lightning Bolt           Conj/Air       #.........   100%        5    ######.
 Iron Shot                Conj/Erth      #.........   100%        6    #######
 Orb of Destruction       Conj           #.........   100%        7    #######
 Spellforged Servitor     Conj/Summ      #.........   100%        7    #######


Dungeon Overview and Level Annotations

Branches:
Dungeon (7/15)             Temple (0/1) D:7

Altars:
Hepliaklqana
Qazlal
Ru
Trog
Uskayaw
Xom

Shops:
D:4 ?   D:6 ?

Annotations:
D:7 exclusion: oklob sapling


Innate Abilities, Weirdness & Mutations

You are resistant to torment.
Your stone body is resilient. (AC +6)
You are immune to poison.
You resist negative energy. (rN+)
You are resistant to electric shocks. (rElec)
You can survive without breathing.
You are immune to petrification.
You are immune to rotting.


Message History

Okay, then.
Really walk into a travel-excluded area?
A crocodile comes into view.
You hit the plant. You hit the plant.
The crocodile bites you but does no damage.
You hit the plant but do no damage. You block the crocodile's attack.
You hit the plant but do no damage. You block the crocodile's attack.
You thump the plant! You sock the plant! The crocodile barely misses you.
You sock the plant!
You destroy the plant!
You block the crocodile's attack.
You hit the plant but do no damage. You block the crocodile's attack.
You hit the plant but do no damage. You block the crocodile's attack.
You hit the plant. The crocodile closely misses you.
You sock the plant! You block the crocodile's attack.
You sock the plant! The crocodile bites you.
You hit the plant. You hit the plant. You block the crocodile's attack.
You hit the plant but do no damage. You block the crocodile's attack.
You hit the plant. The crocodile barely misses you.
You completely miss the plant. You block the crocodile's attack.
You hit the plant but do no damage.
The crocodile bites you but does no damage.
You hit the plant but do no damage. You block the crocodile's attack.
You hit the plant but do no damage. You hit the plant.
The crocodile bites you but does no damage.
You hit the plant.
The crocodile bites you but does no damage.
You hit the plant. You block the crocodile's attack.
You sock the plant!
You destroy the plant!
The crocodile closely misses you.
You sock the oklob sapling! The oklob sapling spits acid at you.
The splash of acid hits you! The acid corrodes you!
You are splashed with acid.
The crocodile bites you but does no damage.
You hit the oklob sapling but do no damage.
The oklob sapling spits acid at you. The splash of acid hits you!
* * * LOW HITPOINT WARNING * * *
You are splashed with acid!
* * * LOW HITPOINT WARNING * * *
You block the crocodile's attack.
You hit the oklob sapling but do no damage.
Unknown command.
You hit the oklob sapling. The crocodile bites you!
You die...

#.>.....................####.....
#..)..........................#..
#................................
#..............#######'#####.##..
##############'#########........#
#..........## #.###.####
#...P.PP..###≈#.....# #. #
#....PPPP.##≈≈#.#######. #
#..PPPP@.P.#≈≈#.###..... #
....P.>PtP.#≈≈#......### #
.....PP..P..##≈#......# #
.....PPPP..## #......# #
###.P..P.P.####......# ##########
####.#.............# .........#
#.#.............# .........#
#...............# .........#
######...........[#


You could see a crocodile and an oklob sapling.

Vanquished Creatures
  The ghost of lyrin the Ruffian, a novice VSTm (D:6)
  Edmund (D:5)
  4 ogres
  A phantom (D:5)
  3 centaurs
  2 bullfrogs (D:7)
  A scorpion (D:7)
  A bullfrog zombie (D:6)
  2 crimson imps
  A quasit (D:5)
  A water moccasin simulacrum (D:6)
  4 hounds
  A centaur zombie (D:6)
  An orc priest (D:4)
  2 bullfrog skeletons (D:5)
  A jelly (D:6)
  6 orc wizards
  An iguana (D:4)
  15 worker ants
  4 gnolls (D:7)
  8 adders
  A worker ant simulacrum (D:6)
  A howler monkey simulacrum (D:6)
  5 worms
  3 dart slugs
  5 leopard geckos
  23 orcs
  2 ball pythons
  4 bats
  4 giant cockroaches
  6 goblins
  6 hobgoblins
  3 jackals (D:6)
  6 quokkas
  4 frilled lizards
  11 kobolds
  A leopard gecko skeleton (D:5)
  A quokka zombie (D:5)
  5 rats
  2 plants (D:7)
154 creatures vanquished.

Notes
Turn   | Place    | Note
-------+----------+-------------------------------------------
     0 | D:1      | MrTaco21 the Gargoyle Fighter began the quest for the Orb.
     0 | D:1      | Reached XP level 1. HP: 14/14 MP: 1/1
    15 | D:1      | You fall into a shaft and drop 1 floor!
    52 | D:2      | Reached XP level 2. HP: 2/19 MP: 2/2
   344 | D:2      | Reached skill level 3 in Maces & Flails
   367 | D:2      | Reached XP level 3. HP: 23/23 MP: 3/3
   425 | D:2      | Found a faded altar of an unknown god.
   510 | D:2      | Reached skill level 4 in Maces & Flails
   528 | D:2      | Reached XP level 4. HP: 28/28 MP: 4/4
  1996 | D:3      | Found a stormy altar of Qazlal.
  2172 | D:3      | Reached skill level 5 in Maces & Flails
  2172 | D:3      | Reached XP level 5. HP: 31/32 MP: 5/5
  2370 | D:3      | Became a worshipper of Qazlal Stormbringer
  2510 | D:4      | Found Irek Qir's Magic Scroll Boutique.
  2514 | D:4      | Noticed an ogre
  2654 | D:4      | Reached skill level 6 in Maces & Flails
  2943 | D:4      | Reached XP level 6. HP: 22/37 MP: 6/6
  3414 | D:4      | Reached skill level 7 in Maces & Flails
  3862 | D:5      | Entered Level 5 of the Dungeon
  3866 | D:5      | Reached XP level 7. HP: 41/41 MP: 7/7
  4262 | D:3      | Reached skill level 8 in Maces & Flails
  4390 | D:5      | You fall into a shaft and drop 2 floors!
  4694 | D:7      | Reached skill level 9 in Maces & Flails
  4694 | D:7      | Reached XP level 8. HP: 36/46 MP: 8/8
  4889 | D:7      | Found a staircase to the Ecumenical Temple.
  4960 | D:7      | Reached * piety under Qazlal
  5358 | D:6      | Reached skill level 10 in Maces & Flails
  5613 | D:6      | Found Koliddu's Magic Scroll Emporium.
  5963 | D:6      | Found a runed translucent gate.
  5963 | D:6      | Found a runed translucent gate.
  5963 | D:6      | Found a runed translucent gate.
  5963 | D:6      | Noticed lyrin's ghost (novice VSTm)
  6301 | D:6      | Reached skill level 11 in Maces & Flails
  6486 | D:5      | Reached ** piety under Qazlal
  6486 | D:5      | Reached XP level 9. HP: 51/51 MP: 9/9
  6810 | D:5      | Noticed Edmund
  6819 | D:5      | Killed Edmund
  6895 | D:5      | Found a bloodstained altar of Trog.
  6915 | D:5      | Found a sacrificial altar of Ru.
  6915 | D:5      | Found a hazy altar of Hepliaklqana.
  6918 | D:5      | Found a shimmering altar of Xom.
  6919 | D:5      | Found a hide-covered altar of Uskayaw.
  7284 | D:6      | Reached skill level 12 in Maces & Flails
  7287 | D:6      | Killed lyrin's ghost
  7416 | D:7      | Slain by a crocodile

Levels and vault maps discovered:
D:1:      dpeg_arrival_orchard, layout_basic
D:2:      layout_rooms, chequers_ecumenical_altar_simple,
          kennysheep_minor_cross, interstate_on_off
D:3:      layout_basic, nicolae_qazlal_eye_of_the_storm
D:4:      layout_loops_ring, serial_shops, nicolae_shop_behind_doors
D:5:      layout_basic, minitemple, first_ration, uniq_edmund
D:6:      layout_loops_ring, serial_shops, shop_statue,
          gammafunk_ghost_necromancy, kennysheep_another_room
D:7:      layout_basic, minmay_temple_entry_oklob, serial_aquarium,
          aquarium_bridge_long_separate [aquarium_subvault_bridge,
          aquarium_subvault_wall, aquarium_subvault_bridge,
          aquarium_subvault_wall, aquarium_subvault_wall,
          aquarium_subvault_bridge], aquarium_window_2, aquarium_window_corner,
          aquarium_window_1, aquarium_view_2a, grunt_ogre_cave

Skill      XL: |  1  2  3  4  5  6  7  8  9 |
---------------+----------------------------+-----
Maces & Flails | 3 4 5 6 7 9 11 12 | 12.1
Shields        | 4 |  4.0
Fighting       | |  3.2
Armour         | |  3.2

Action                   |  1- 3 |  4- 6 |  7- 9 || total
-------------------------+-------+-------+-------++-------
Melee: Flail             |    73 |   253 |    46 ||   372
       Morningstar       |       |     7 |   344 ||   351
  Use: Scroll            |       |       |     9 ||     9
 Stab: Distracted        |       |     1 |       ||     1
  Eat: Chunk             |       |     9 |    27 ||    36
Armor: Scale mail        |    31 |   145 |   186 ||   362
Dodge: Dodged            |    17 |    72 |   102 ||   191
Block: Kite shield       |    38 |   141 |   214 ||   393

Table legend:
 A = Non-vault XP
 B = Vault XP
 C = Vault XP percentage of total XP
 D = Non-vault monster count
 E = Vault monster count
 F = Vault count percentage of total count
                 A         B        C        D         E       F
            +---------+---------+-------+---------+---------+-------
      Total |    2785 |     647 |  18.9 |     146 |       6 |   3.9
            +---------+---------+-------+---------+---------+-------
        D:1 |      25 |       0 |   0.0 |      15 |       0 |   0.0
        D:2 |      90 |       0 |   0.0 |      22 |       0 |   0.0
        D:3 |     246 |       0 |   0.0 |      19 |       0 |   0.0
        D:4 |     497 |       0 |   0.0 |      19 |       0 |   0.0
        D:5 |     735 |     176 |  19.3 |      24 |       1 |   4.0
        D:6 |     671 |     358 |  34.8 |      27 |       4 |  12.9
        D:7 |     521 |     113 |  17.8 |      20 |       1 |   4.8
            +---------+---------+-------+---------+---------+-------
